 Dungeon Crawl Stone Soup version 0.16-a0-1885-g0f03bb0 (webtiles) character file.

210931 hcnick the Spry (level 17, -4/125 HPs)
             Began as a Demonspawn Ice Elementalist on Oct 31, 2014.
             Was the Champion of Kikubaaqudgha.
             Slain by a titanic slime creature (85 damage)
             ... on level 1 of the Vaults on Nov 5, 2014.
             The game lasted 05:00:02 (55179 turns).

hcnick the Spry (Demonspawn Ice Elementalist)      Turns: 55179, Time: 05:00:04

Health: -4/125     AC: 12    Str: 12    XL:     17   Next: 72%
Magic:  0/38       EV: 25    Int: 26    God:    Kikubaaqudgha [******]
Gold:   1495       SH:  9    Dex: 18    Spells: 11 memorised, 6 levels left

rFire  + + .     SeeInvis +     Y - +9 war axe "Ski Hagy" {elec, Str+2 Int-1}
rCold  + . .     Clarity  .     b - +2 robe {rC+ rF+}
rNeg   + . .     SustAb   .     S - +2 buckler
rPois  .         Gourm    .     (helmet unavailable)
rElec  .         Spirit   +     (no cloak)
rCorr  .         Warding  .     p - +2 pair of gloves {Dex+3}
rMut   .         Stasis   .     H - +1 pair of boots {Fly}
MR     +....                    (no amulet)
Stlth  ++........               Z - ring "Asaybb" {rF+ EV+1 Slay+5}
                                V - +6 ring of intelligence

@: flying, starving, somewhat resistant to hostile enchantments, unstealthy
A: antennae 3, large bone plates 2, breathe flames 1, demonic guardian 2,
negative energy resistance 1, magic shield, magic regeneration
a: Receive Corpses, Torment, Renounce Religion, Breathe Fire, Stop Flying
}: 2/15 runes: decaying, gossamer


You were on level 1 of the Vaults.
You worshipped Kikubaaqudgha.
Kikubaaqudgha was exalted by your worship.
You were starving.

You visited 7 branches of the dungeon, and saw 39 of its levels.
You also visited: Ice Cave.

You collected 3759 gold pieces.
You spent 2264 gold pieces at shops.

Inventory:

Hand weapons
 L - the +7 arbalest "Hoxtip" {penet, rPois Stlth+}
   (You took it off a yaktaur on level 1 of the Vaults)

   Ammo fired by it will pass through the targets it hits, potentially hitting
   all targets in its path until it reaches maximum range.
   It protects you from poison.
   It makes you more stealthy.
 Y - the +9 war axe "Ski Hagy" (weapon) {elec, Str+2 Int-1}
   (You found it on level 4 of the Lair of Beasts)

   Occasionally, upon striking a foe, it will discharge some electrical energy
   and cause terrible harm.
   It affects your strength (+2).
   It affects your intelligence (-1).
Missiles
 G - a tomahawk of dispersal (quivered)
 O - 80 bolts
Armour
 b - a +2 robe of resistance (worn)
 p - a +2 pair of gloves of dexterity (worn)
 H - a +1 pair of boots of flying (worn)
 S - a +2 buckler (worn)
Jewellery
 o - an uncursed amulet of resist corrosion
 q - an uncursed ring of protection from magic
 r - an uncursed amulet of resist mutation
 z - an uncursed ring of wizardry
 C - an uncursed ring of poison resistance
 U - an uncursed ring of protection from cold
 V - a +6 ring of intelligence (left hand)
 Z - the ring "Asaybb" (right hand) {rF+ EV+1 Slay+5}
   (You bought it in a shop on level 14 of the Dungeon)

   [ring of evasion]

   It affects your evasion (+1).
   It affects your accuracy and damage with ranged weapons and melee attacks
   (+5).
   It protects you from fire.
Magical devices
 d - a wand of disintegration (10)
 t - a wand of heal wounds (7)
 y - a wand of digging (14)
 N - a wand of teleportation (4)
Scrolls
 a - a scroll of summoning
 e - 9 scrolls of recharging
 g - a scroll of teleportation
 i - 15 scrolls of remove curse
 l - 2 scrolls of amnesia
 s - 8 scrolls of enchant weapon
 u - 3 scrolls of identify
 D - 10 scrolls of magic mapping
 E - a scroll of silence
 M - a scroll of brand weapon
 X - 6 scrolls of fog
Potions
 f - 2 potions of resistance
 h - 4 potions of brilliance
 k - 2 potions of might
 n - a potion of restore abilities
 v - a potion of magic
 w - 7 potions of agility
 B - 6 potions of curing
 I - a potion of cancellation
 K - 5 potions of heal wounds
 T - 3 potions of haste
 W - a potion of porridge
Books
 j - a book of Annihilations {highlevel}

   This book is beyond your current level of understanding.

   Spells                             Type                      Level
   Poison Arrow                       Conjuration/Poison           6
   Chain Lightning                    Conjuration/Air              8
   Lehudib's Crystal Spear            Conjuration/Earth            8
   Glaciate                           Conjuration/Ice              9
   Fire Storm                         Conjuration/Fire             9
 m - Kikubaaqudgha's Handbook of Dark Arts
   (Kikubaaqudgha gifted it to you on level 9 of the Dungeon)

   Spells                             Type                      Level
   Excruciating Wounds                Charms/Necromancy            5
   Agony                              Necromancy                   5
   Dispel Undead                      Necromancy                   5
   Twisted Resurrection               Necromancy                   5
   *Simulacrum                        Ice/Necromancy               6
 x - Toamued's Guide on Snow
   (You found it in an ice cave)

   Spells                             Type                      Level
   Freeze                             Ice                          1
   *Throw Frost                       Conjuration/Ice              2
   Ensorcelled Hibernation            Hexes/Ice                    2
   *Summon Ice Beast                  Ice/Summoning                4
   Metabolic Englaciation             Hexes/Ice                    5
   *Bolt of Cold                      Conjuration/Ice              6
 A - a book of Beasts

   Spells                             Type                      Level
   *Summon Butterflies                Summoning                    1
   Call Canine Familiar               Summoning                    3
   *Summon Ice Beast                  Ice/Summoning                4
   Summon Mana Viper                  Hexes/Summoning              5
   *Monstrous Menagerie               Summoning                    6
   Summon Hydra                       Summoning                    7
 J - a book of Necromancy

   Spells                             Type                      Level
   Pain                               Necromancy                   1
   Animate Skeleton                   Necromancy                   1
   *Vampiric Draining                 Necromancy                   3
   *Regeneration                      Charms/Necromancy            3
   *Animate Dead                      Necromancy                   4
   *Control Undead                    Necromancy                   4
 P - Kikubaaqudgha's Reference Book on Stolen Souls
   (Kikubaaqudgha gifted it to you on level 7 of the Dungeon)

   Spells                             Type                      Level
   Pain                               Necromancy                   1
   Corpse Rot                         Necromancy                   2
   Sublimation of Blood               Necromancy                   2
   *Vampiric Draining                 Necromancy                   3
   *Control Undead                    Necromancy                   4
Comestibles
 c - 13 bread rations
 F - 11 meat rations
 Q - 4 royal jellies


   Skills:
 - Level 9.0 Fighting
 + Level 15.7 Dodging
 - Level 1.9 Stealth
 + Level 15.7 Spellcasting
 + Level 7.9 Conjurations
 - Level 10.0 Summonings
 - Level 12.3 Necromancy
 + Level 10.5 Ice Magic


You had 6 spell levels left.
You knew the following spells:

 Your Spells              Type           Power        Failure   Level  Hunger
a - Simulacrum            Ice/Necr       ######....   6%          6    ####...
b - Throw Frost           Conj/Ice       ######       1%          2    None
c - Summon Ice Beast      Ice/Summ       ######..     1%          4    None
d - Control Undead        Necr           ######....   1%          4    None
e - Vampiric Draining     Necr           ######....   1%          3    None
f - Blink                 Tloc           N/A          6%          2    None
g - Summon Butterflies    Summ           ######..     1%          1    None
h - Monstrous Menagerie   Summ           ######....   10%         6    ####...
i - Animate Dead          Necr           N/A          1%          4    None
j - Regeneration          Chrm/Necr      ######....   1%          3    None
k - Bolt of Cold          Conj/Ice       ######....   12%         6    ####...


Dungeon Overview and Level Annotations

Branches:
Dungeon (15/15)            Temple (1/1) D:5            Lair (8/8) D:10
  Swamp (5/5) Lair:3       Spider (5/5) Lair:4        Slime (0/6) Lair:8
    Orc (4/4) D:12            Elf (0/3) Orc:3        Vaults (1/5) D:14
 Depths (0/5) D:15

Altars:
Ashenzari
Cheibriados
Dithmenos
Elyvilon
Fedhas
Gozag
Kikubaaqudgha
Makhleb
Nemelex Xobeh
Okawaru
Qazlal
Ru
Sif Muna
Trog
Vehumet
Xom
Yredelemnul
Zin
The Shining One
Beogh
Jiyva

Shops:
D:7 *   D:14 :=   Orc:2 !   Orc:4 *:}=%   Vaults:1 }

Portals:
Trove: D:14 (give +5 demon trident)

Annotations:
D:10 exclusion: silver statue


Innate Abilities, Weirdness & Mutations

You have a pair of large antennae on your head (SInv).
You are mostly covered in large bone plates (AC +3, SH +3).
A demonic guardian rushes to your aid.
You resist negative energy.
When hurt, damage is shared between your health and your magic reserves.
You regenerate magic rapidly.
You can breathe flames.


Message History

Your lindwurm claws the titanic slime creature.
The great orb of eyes gazes at you.
Your lindwurm suddenly stops moving!
The great orb of eyes gazes at you.
Your lindwurm is blasted.
The great orb of eyes bites your lindwurm.
Casting: Monstrous Menagerie
Confirm with . or Enter, or press ? or * to list all spells.
You summon some harpies!
You are starving!
The centaur warrior unwields an uncursed shortbow of flaming.
It stops flaming.
The centaur warrior completely misses you.
The great orb of eyes bites your lindwurm!!
Your lindwurm dies!
Your lindwurm's corpse disappears in a puff of smoke!
The titanic slime creature hits you!!!!
Ouch! That really hurt!
You die...
Kikubaaqudgha rasps: "You have failed me!
Welcome... death!"

#.......# #..#.Z##Z###....#
#.......# #..##.)))..#.)Z.#
#.......# #..#########.§..#
######(#######################'##
..............................)..
....)........................)...
...............H.H...............
.........(G§...c.................
...(...((.(....J@................
..(#######################'######
.).# #...# # ...# #.Z.# #
...############## ####'#####
...#....#..#....# #...ZZ..##
...'....#..#....# #⌠..Z..⌠##
...#..#'#..#'#..# #.......##
...#..'.)....'..# ####'#####


You could see a great orb of eyes, a titanic slime creature, a centaur warrior
and 2 friendly harpies.

Vanquished Creatures
  Asterion (Swamp:3)
  2 ghost moths (Spider:5)
  An emperor scorpion (Spider:5)
  6 vault guards
  A yaktaur captain (Vaults:1)
  An ironheart preserver (Vaults:1)
  A centaur warrior (D:13)
  3 alligators (Swamp:1)
  An orc high priest (Orc:4)
  Nergalle (D:12)
  3 spriggans
  A deep elf knight (Vaults:1)
  An unseen horror (shapeshifter) (D:15)
  3 deep trolls (Vaults:1)
  A deep elf summoner (Vaults:1)
  An obsidian statue (D:13)
  A necromancer (Swamp:3)
  2 swamp dragons
  4 harpies (Vaults:1)
  An ironbrand convoker (Vaults:1)
  3 hill giants
  3 unseen horrors
  2 orc knights
  A lindwurm (shapeshifter) (D:15)
  A lindwurm (Lair:8)
  4 orb spiders
  2 griffons
  4 ugly things
  10 wolf spiders
  4 cyclopes
  A moth of wrath (Spider:3)
  A manticore (D:12)
  A vault sentinel (Vaults:1)
  4 elephants
  11 spiny frogs
  3 black mambas
  7 torpor snails
  4 yaktaurs (Vaults:1)
  Psyche (D:10)
  5 komodo dragons
  A gargoyle (D:12)
  2 hellwings
  An elf (shapeshifter) (D:12)
  9 demonic crawlers
  A queen bee (shapeshifter) (Vaults:1)
  3 trolls
  2 hydra zombies (Swamp:3)
  2 giant leeches
  A hydra skeleton (D:11)
  11 jumping spiders
  3 ravens (Swamp:3)
  4 polar bears
  3 two-headed ogres
  A freezing wraith (D:14)
  A boulder beetle (Spider:2)
  4 baby alligators
  3 bog bodies
  2 blink frogs (Lair:2)
  6 slime creatures
  A basilisk (Lair:3)
  7 tarantellas
  4 trapdoor spiders
  3 shadows
  A hill giant zombie (D:8)
  A wyvern (Lair:4)
  5 hippogriffs
  23 redbacks
  28 yaks
  A wandering mushroom (Lair:2)
  2 deep elf magi
  A hungry ghost (D:12)
  A ynoxinul (D:13)
  17 vampire mosquitoes
  Grum (D:7)
  A steam dragon (D:15)
  A redback simulacrum (Vaults:1)
  4 deep elf fighters (Vaults:1)
  10 swamp worms
  11 wargs
  6 water moccasins
  12 porcupines
  19 wolves
  4 swamp drakes
  18 orc warriors
  3 sky beasts
  12 spiders
  3 yellow wasps
  5 black bears
  7 ice beasts
  A boring beetle (Lair:6)
  3 eyes of draining
  A phantom (D:9)
  15 ogres
  8 crocodiles
  11 big kobolds
  Duvessa (D:9)
  16 centaurs
  A deep troll simulacrum (Vaults:1)
  2 brain worms
  15 giant frogs
  20 insubstantial wisps
  A water moccasin skeleton (D:5)
  4 scorpions
  A yak zombie (D:8)
  7 killer bees
  11 wights
  Dowan (D:9)
  9 crimson imps
  An electric eel (Spider:2)
  2 giant frog zombies (D:7)
  A quasit (D:13)
  A goliath beetle (D:11)
  A komodo dragon simulacrum (D:15)
  2 jellies
  5 iguanas
  33 orc priests
  15 hounds
  10 orange rats (Lair:4)
  A polar bear simulacrum (IceCv)
  11 worker ants
  27 orc wizards
  5 troll simulacra (IceCv)
  7 sheep
  2 wolf simulacra (IceCv)
  A crocodile zombie (Swamp:3)
  A mottled dragon skeleton (D:10)
  A big kobold skeleton (D:11)
  The ghost of FishServ the Practitioner, a weakling HEHe of Elyvilon (D:4)
  4 mummies
  A hound skeleton (D:7)
  6 gnolls
  52 green rats
  An orc zombie (D:10)
  20 adders
  A swamp drake zombie (Swamp:3)
  A hound simulacrum (D:11)
  A naga simulacrum (IceCv)
  A shadow imp (D:13)
  A giant mite (D:4)
  13 worms
  11 white imps
  3 ufetubi (D:13)
  An adder zombie (D:8)
  An adder skeleton (D:4)
  An iguana skeleton (D:11)
  3 giant geckos
  An ooze (D:8)
  205 orcs
  A bat skeleton (D:4)
  6 giant cockroaches
  21 goblins
  14 hobgoblins
  A ball python (D:4)
  17 bats
  A giant gecko skeleton (D:9)
  2 giant newts
  2 giant spores
  A hobgoblin skeleton (D:7)
  10 jackals
  28 kobolds
  A kobold zombie (D:5)
  3 orc skeletons
  9 quokkas
  27 rats
  3 ballistomycetes (D:14)
  6 plants (Lair:8)
1117 creatures vanquished.

Vanquished Creatures (collateral kills)
  Arachne (Spider:5)
  2 thorn hunters (Swamp:4)
  Maud (Lair:6)
  Aizul (Spider:5)
  A ghost moth (Spider:5)
  Gastronok (D:13)
  3 emperor scorpions
  A spectral weapon (Swamp:3)
  A deep elf demonologist (Vaults:1)
  Snorg (Lair:7)
  7 vault guards
  4 fire dragons
  A yaktaur captain (Vaults:1)
  Josephine (D:11)
  An ironheart preserver (Vaults:1)
  An ice dragon (Vaults:1)
  Fannar (D:10)
  Harold (Lair:3)
  4 centaur warriors
  20 hydras
  6 alligators
  3 ogre magi
  6 death yaks (Lair:5)
  A catoblepas (Lair:7)
  A fire crab (Swamp:5)
  5 orc high priests (Orc:4)
  A deep elf knight (Vaults:1)
  A swamp dragon (shapeshifter) (D:15)
  2 spriggan druids
  2 lindwurms
  A wizard (Vaults:1)
  3 shambling mangroves
  A giant orange brain (D:15)
  An ice statue (IceCv)
  2 orc knights
  28 wolf spiders
  4 swamp dragons
  3 hill giants
  An ironbrand convoker (Vaults:1)
  A necromancer (IceCv)
  4 cyclopes
  5 harpies
  15 orb spiders
  7 ugly things
  A griffon (D:15)
  A moth of wrath (Spider:4)
  A manticore (D:14)
  An oklob plant (Lair:6)
  7 red wasps
  A molten gargoyle (Swamp:5)
  24 elephants
  A gargoyle (D:13)
  A rust devil (D:13)
  4 torpor snails
  11 spiny frogs
  A smoke demon (Vaults:1)
  5 black mambas
  10 freezing wraiths (IceCv)
  3 fire drakes
  2 yaktaurs (Vaults:1)
  9 demonic crawlers
  34 jumping spiders
  6 komodo dragons
  A blue devil (D:13)
  3 trolls
  7 giant leeches
  5 polar bears (Lair:8)
  5 two-headed ogres
  4 bog bodies
  6 blink frogs
  2 boulder beetles (Spider:2)
  12 slime creatures
  4 ravens
  4 basilisks
  2 ravens (shapeshifter)
  9 baby alligators
  28 redbacks
  6 spriggans
  13 tarantellas
  16 trapdoor spiders
  A shadow (Swamp:1)
  2 deep elf magi
  42 yaks
  4 hippogriffs
  3 wyverns
  2 fire elementals (Swamp:5)
  A hungry ghost (D:15)
  A neqoxec (D:13)
  A steam dragon (Swamp:5)
  4 wargs
  A mottled dragon (D:15)
  11 vampire mosquitoes
  12 wolves
  15 swamp worms
  13 water moccasins
  5 porcupines
  4 hell hounds (Lair:8)
  7 orc warriors
  7 ice beasts
  14 spiders
  An eye of draining (D:15)
  11 yellow wasps
  10 swamp drakes
  8 black bears
  A boggart (shapeshifter) (Vaults:1)
  8 centaurs
  12 crocodiles
  A wandering mushroom (Lair:2)
  7 ogres
  3 brain worms (Lair:8)
  A gnoll sergeant (D:7)
  3 big kobolds (D:12)
  A cyclops zombie (D:11)
  Blork the orc (D:8)
  7 giant frogs
  2 scorpions
  24 insubstantial wisps
  8 killer bees
  2 wights (D:12)
  6 electric eels
  2 goliath beetles
  3 crimson imps
  5 jellies
  15 orc priests
  8 hounds
  14 orc wizards
  2 iguanas
  4 draconian simulacra (IceCv)
  2 troll simulacra (IceCv)
  2 worker ants
  18 sheep
  A polar bear simulacrum (IceCv)
  8 adders
  A gnoll (D:7)
  An orc zombie (Vaults:1)
  22 green rats
  5 naga simulacra (IceCv)
  3 ogre simulacra (IceCv)
  A shadow imp (D:15)
  8 worms (Lair:8)
  A worker ant simulacrum (D:11)
  7 ufetubi
  15 white imps
  4 oozes (D:8)
  54 orcs
  A goblin (Orc:4)
  2 hobgoblins
  8 jackals
  6 kobolds (D:12)
  5 quokkas
  An alligator skeleton (Swamp:5)
  A bat (D:7)
  A griffon skeleton (Vaults:1)
  11 rats
  A spectral orc (D:12)
  9 fungi
  10 plants
937 creatures vanquished.

Vanquished Creatures (others)
  A hydra (Swamp:5)
  4 harpies
  8 soul eaters
  8 sun demons
  15 ice devils
  6 lindwurms
  7 sixfirhies
  2 wolf spider zombies (Spider:2)
  13 smoke demons
  A swamp worm zombie (Swamp:5)
  3 redback zombies (Spider:4)
  A demonic crawler (Spider:2)
  4 human zombies
  A fire drake (Swamp:5)
  A demonic crawler zombie (Spider:2)
  A two-headed ogre (D:10)
  A raven (Swamp:5)
  4 jumping spider zombies
  A red wasp zombie (Spider:4)
  A tarantella zombie (Spider:4)
  A trapdoor spider zombie (Spider:3)
  A steam dragon (Swamp:5)
  A water moccasin (Lair:8)
  4 swamp drakes (Swamp:5)
  133 ice beasts
  5 orc zombies
  A vampire mosquito zombie (Swamp:4)
  3 spider zombies (Spider:3)
  17 crimson imps
  18 quasits
  An orc wizard (D:12)
  18 iron imps
  An adder (D:7)
  23 white imps
  A goliath beetle zombie (Spider:2)
  13 ufetubi
  An orc (D:4)
  A kobold (D:7)
  2 cyclops skeletons (D:15)
  4 hill giant skeletons
  A human skeleton (D:14)
  2 spiny frog skeletons
  A swamp drake skeleton (Swamp:5)
  2 water moccasin skeletons (Swamp:5)
  17 fungi
  13 plants
368 creatures vanquished.

Grand Total: 2422 creatures vanquished

Notes
Turn   | Place    | Note
--------------------------------------------------------------
     0 | D:1      | hcnick, the Demonspawn Ice Elementalist, began the quest for the Orb.
     0 | D:1      | Reached XP level 1. HP: 13/13 MP: 3/3
   252 | D:1      | Gained mutation: You have a pair of small antennae on your head. [demonic ancestry]
   252 | D:1      | Reached XP level 2. HP: 19/19 MP: 4/4
   282 | D:1      | Learned a level 2 spell: Throw Frost
   698 | D:2      | Reached skill level 3 in Ice Magic
   776 | D:2      | Reached XP level 3. HP: 20/24 MP: 1/6
  1738 | D:3      | Gained mutation: You are partially covered in large bone plates (AC +2, SH +2). [demonic ancestry]
  1738 | D:3      | Reached XP level 4. HP: 25/30 MP: 0/8
  2351 | D:4      | Reached XP level 5. HP: 35/35 MP: 1/11
  2968 | D:4      | Reached XP level 6. HP: 31/41 MP: 11/13
  3343 | D:4      | Noticed a phantom
  3436 | D:4      | Noticed FishServ's ghost (weakling HEHe)
  3613 | D:4      | Noticed a black bear
  3623 | D:4      | Killed a black bear
  3623 | D:4      | Reached skill level 4 in Ice Magic
  4108 | D:5      | Entered Level 5 of the Dungeon
  4474 | D:5      | Found a staircase to the Ecumenical Temple.
  4481 | Temple   | Entered the Ecumenical Temple
  4556 | Temple   | Became a worshipper of Kikubaaqudgha
  4715 | D:5      | Reached skill level 1 in Necromancy
  4971 | D:4      | Killed FishServ's ghost
  4971 | D:4      | Gained mutation: You are mostly covered in large bone plates (AC +3, SH +3). [demonic ancestry]
  4971 | D:4      | Reached XP level 7. HP: 16/46 MP: 10/15
  6131 | D:5      | Learned a level 4 spell: Summon Ice Beast
  6174 | D:6      | Reached skill level 1 in Summonings
  7346 | D:7      | Reached XP level 8. HP: 47/52 MP: 13/18
  7516 | D:7      | Learned a level 4 spell: Control Undead
  7688 | D:7      | Found a white marble altar of Elyvilon.
  7832 | D:7      | Got a shimmering tin ring
  7835 | D:7      | Identified the ring of Radolis {+/*Tele Contam Str+2} (You took it off a kobold on level 7 of the Dungeon)
  7902 | D:7      | Gained mutation: You occasionally shout uncontrollably at your foes. [mutagenic glow]
  8098 | D:7      | Found Omuytuokk's General Store.
  8107 | D:7      | Bought a scroll of random uselessness for 15 gold pieces
  8170 | D:7      | Reached skill level 5 in Dodging
  8259 | D:7      | Acquired Kikubaaqudgha's first power
  8259 | D:7      | Received a gift from Kikubaaqudgha
  8260 | D:7      | Identified Kikubaaqudgha's Reference Book on Stolen Souls (Kikubaaqudgha gifted it to you on level 7 of the Dungeon)
  8285 | D:7      | Learned a level 3 spell: Vampiric Draining
  8298 | D:7      | Reached skill level 5 in Spellcasting
  8707 | D:8      | Noticed Blork the orc
  8775 | D:8      | Noticed Grum
  9040 | D:7      | Killed Grum
  9040 | D:7      | Gained mutation: When hurt, damage is shared between your health and your magic reserves. [demonic ancestry]
  9040 | D:7      | Reached XP level 9. HP: 36/57 MP: 0/22
  9188 | D:8      | Killed Blork the orc
  9304 | D:8      | Found a shadowy altar of Dithmenos.
  9369 | D:8      | Reached skill level 5 in Necromancy
  9513 | D:8      | Reached skill level 6 in Dodging
  9563 | D:8      | Acquired Kikubaaqudgha's second power
 10005 | D:8      | Found a shattered altar of Ashenzari.
 10005 | D:8      | Found a glowing silver altar of Zin.
 10005 | D:8      | Found a glowing golden altar of the Shining One.
 10006 | D:8      | Found a shimmering altar of Xom.
 10008 | D:8      | Found an iron altar of Okawaru.
 10011 | D:8      | Found a stormy altar of Qazlal.
 10260 | D:9      | Got a crude war axe
 10267 | D:9      | Identified the cursed +6 war axe "Nijeroj" {chop, Stlth+} (You found it on level 9 of the Dungeon)
 10327 | D:9      | Found a staircase to the Orcish Mines.
 10683 | D:9      | Noticed Duvessa
 10683 | D:9      | Noticed Dowan
 10697 | D:9      | Killed Duvessa
 10706 | D:9      | Killed Dowan
 11171 | D:9      | Received a gift from Kikubaaqudgha
 11172 | D:9      | Identified Kikubaaqudgha's Handbook of Dark Arts (Kikubaaqudgha gifted it to you on level 9 of the Dungeon)
 11278 | D:9      | Reached skill level 7 in Dodging
 11575 | D:9      | HP: 1/57 [deep elf mage/orb of energy (30)]
 11740 | D:10     | Entered Level 10 of the Dungeon
 11882 | D:10     | Gained mutation: A weak demonic guardian rushes to your aid. [demonic ancestry]
 11882 | D:10     | Reached XP level 10. HP: 40/63 MP: 12/25
 12001 | D:10     | Noticed Psyche
 12014 | D:10     | Paralysed by something for 5 turns
 12022 | D:10     | Killed Psyche
 12521 | D:10     | Noticed Fannar
 13100 | D:10     | Reached skill level 8 in Necromancy
 13449 | D:10     | Found a staircase to the Lair.
 14037 | D:10     | Identified a scroll of acquirement
 14432 | D:10     | Noticed a silver statue
 14479 | D:10     | Noticed a rust devil
 14574 | D:10     | Noticed a soul eater
 14576 | D:10     | Noticed a soul eater
 14595 | D:11     | Noticed Josephine
 14660 | Lair:1   | Entered Level 1 of the Lair of Beasts
 14682 | Lair:1   | Got a twisted dagger
 14683 | Lair:1   | Identified the +2 dagger "Banisher" {drain, *Tele rF++} (You found it on level 1 of the Lair of Beasts)
 15127 | D:10     | Reached skill level 9 in Necromancy
 15282 | Lair:1   | Found a frozen archway.
 15292 | IceCv    | Entered an ice cave
 15322 | IceCv    | Gained mutation: You can breathe flames. [potion of mutation]
 15322 | IceCv    | Gained mutation: You have a pair of antennae on your head. [potion of mutation]
 15322 | IceCv    | Lost mutation: You occasionally shout uncontrollably at your foes. [potion of mutation]
 15332 | IceCv    | Gained mutation: You regenerate magic rapidly. [demonic ancestry]
 15332 | IceCv    | Reached XP level 11. HP: 51/68 MP: 2/28
 15549 | IceCv    | Found an ancient bone altar of Kikubaaqudgha.
 15571 | IceCv    | Identified Toamued's Guide on Snow
 15790 | IceCv    | Noticed an ice statue
 15815 | IceCv    | Killed an ice statue
 15867 | IceCv    | Noticed a necromancer
 15876 | IceCv    | Killed a necromancer
 16725 | Lair:1   | Reached skill level 10 in Necromancy
 17672 | Lair:1   | Acquired Kikubaaqudgha's third power
 18447 | Lair:2   | Reached skill level 5 in Ice Magic
 18879 | Lair:2   | Reached skill level 10 in Dodging
 18879 | Lair:2   | Reached skill level 10 in Spellcasting
 19459 | Lair:2   | Reached XP level 12. HP: 65/74 MP: 28/30
 19876 | Lair:3   | Found a staircase to the Swamp.
 20093 | Lair:3   | Reached skill level 11 in Necromancy
 20146 | Lair:3   | Noticed Harold
 20172 | Lair:3   | Killed Harold
 20827 | Lair:3   | Learned a level 6 spell: Simulacrum
 21332 | Lair:4   | Noticed a seven-headed hydra
 21343 | Lair:4   | Killed a seven-headed hydra
 21364 | Lair:4   | Acquired Kikubaaqudgha's fourth power
 21400 | Lair:4   | Noticed a six-headed hydra
 21412 | Lair:4   | Killed a six-headed hydra
 22386 | Lair:4   | Got a bloodstained war axe
 22387 | Lair:4   | Identified the +9 war axe "Ski Hagy" {elec, Str+2 Int-1} (You found it on level 4 of the Lair of Beasts)
 22494 | Lair:4   | Found a hole to the Spider Nest.
 22804 | Lair:5   | Noticed a seven-headed hydra
 22816 | Lair:5   | Killed a seven-headed hydra
 23187 | Lair:5   | Noticed a five-headed hydra
 23195 | Lair:5   | Killed a five-headed hydra
 23195 | Lair:5   | Reached skill level 12 in Necromancy
 23508 | Lair:5   | Reached XP level 13. HP: 64/79 MP: 9/32
 23720 | Lair:6   | Noticed Maud
 23733 | Lair:6   | Killed Maud
 24446 | Lair:7   | Noticed Snorg
 24457 | Lair:7   | Killed Snorg
 24708 | Lair:7   | Upgraded the game from 0.16-a0-1761-g9575c7c to 0.16-a0-1812-g9f7a479
 24711 | Lair:8   | Entered Level 8 of the Lair of Beasts
 24713 | Lair:7   | Upgraded the game from 0.16-a0-1812-g9f7a479 to 0.16-a0-1816-g2c93a98
 25828 | Lair:8   | Reached skill level 5 in Conjurations
 25871 | Lair:8   | Found a viscous altar of Jiyva.
 25871 | Lair:8   | Found a staircase to the Slime Pits.
 26579 | Lair:8   | Gained mutation: A demonic guardian rushes to your aid. [demonic ancestry]
 26579 | Lair:8   | Reached XP level 14. HP: 66/85 MP: 7/34
 27721 | D:10     | Killed Fannar
 27851 | D:11     | Noticed a white ugly thing
 27861 | D:11     | Killed a white ugly thing
 27926 | D:11     | Noticed a six-headed hydra
 27932 | D:11     | Killed a six-headed hydra
 27987 | D:11     | Noticed a cyclops
 28174 | D:11     | Killed Josephine
 28293 | D:11     | Killed a cyclops
 29461 | D:12     | Found a staircase to the Orcish Mines.
 29883 | D:12     | Noticed Nergalle
 29893 | D:12     | Killed Nergalle
 30301 | D:12     | Upgraded the game from 0.16-a0-1816-g2c93a98 to 0.16-a0-1858-gba9b1e2
 30304 | Orc:1    | Entered Level 1 of the Orcish Mines
 30415 | Orc:2    | Found Cliubib's Distillery.
 30845 | Orc:3    | Found a glowing golden altar of the Shining One.
 30969 | Orc:3    | Found a staircase to the Elven Halls.
 31111 | Orc:4    | Entered Level 4 of the Orcish Mines
 31111 | Orc:4    | Found a roughly hewn altar of Beogh.
 31210 | Orc:4    | Found Tosojaev's Food Shop.
 31921 | Orc:4    | Found a roughly hewn altar of Beogh.
 31930 | Orc:4    | Found Lutz's Jewellery Shoppe.
 31930 | Orc:4    | Found Wiudwiri's Gadget Shop.
 32919 | Orc:4    | Found Qumu's Book Shoppe.
 32919 | Orc:4    | Found Taezaz's Assorted Antiques.
 32929 | Orc:4    | Bought a book of Party Tricks for 600 gold pieces
 32937 | Orc:4    | Learned a level 2 spell: Blink
 32939 | Orc:4    | Learned a level 1 spell: Summon Butterflies
 32945 | Orc:4    | Bought a potion of magic for 165 gold pieces
 32945 | Orc:4    | Bought a potion of curing for 60 gold pieces
 32945 | Orc:4    | Bought a scroll of identify for 60 gold pieces
 32945 | Orc:4    | Bought a scroll of identify for 60 gold pieces
 32945 | Orc:4    | Bought a potion of heal wounds for 90 gold pieces
 32945 | Orc:4    | Bought a scroll of identify for 60 gold pieces
 32994 | Orc:4    | Reached skill level 10 in Ice Magic
 33604 | Orc:3    | Found a roughly hewn altar of Beogh.
 34440 | Orc:1    | Found a glowing golden altar of the Shining One.
 34508 | Orc:1    | Reached skill level 13 in Dodging
 34772 | Orc:4    | Bought a book of Beasts for 660 gold pieces
 34786 | Orc:4    | Learned a level 6 spell: Monstrous Menagerie
 35035 | D:13     | Noticed Gastronok
 35046 | D:13     | Killed Gastronok
 35284 | D:13     | Reached skill level 5 in Summonings
 35350 | D:13     | Identified the Papyrus of Destructive Companions (You found it on level 13 of the Dungeon)
 35413 | D:13     | Identified the Catalogue of Captivating Augmentations (You found it on level 13 of the Dungeon)
 35726 | D:13     | Learned a level 4 spell: Animate Dead
 35730 | D:13     | Learned a level 3 spell: Regeneration
 36313 | D:14     | Found Neubaosch's Jewellery Shop.
 36320 | D:14     | Bought the ring "Asaybb" {rF+ EV+1 Slay+5} for 494 gold pieces
 36419 | D:14     | Found a sparkling altar of Nemelex Xobeh.
 36470 | D:14     | Found a portal to a secret trove of treasure.
 36531 | D:14     | Got a pair of slimy gloves
 36542 | D:14     | Identified the -5 pair of gloves "Phaturch" {rCorr Dex+1 Int+2} (You acquired it on level 14 of the Dungeon)
 36574 | D:14     | Found Idehyl's Book Shop.
 36639 | D:14     | Found a gate to the Vaults.
 36647 | D:14     | Reached XP level 15. HP: 87/90 MP: 32/35
 37476 | D:14     | Found a white marble altar of Elyvilon.
 37573 | D:15     | Entered Level 15 of the Dungeon
 38494 | D:15     | Found a staircase to the Depths.
 38972 | Spider:1 | Entered Level 1 of the Spider Nest
 40944 | Spider:3 | Reached skill level 1 in Fighting
 41396 | Spider:3 | Reached skill level 14 in Dodging
 43561 | Spider:4 | Gained mutation: You resist negative energy. [demonic ancestry]
 43561 | Spider:4 | Reached XP level 16. HP: 106/106 MP: 37/37
 43975 | Spider:5 | Entered Level 5 of the Spider Nest
 44078 | Spider:5 | Noticed Aizul
 44508 | Spider:5 | Noticed Arachne
 45038 | Spider:5 | Killed Arachne
 45349 | Spider:5 | Reached skill level 5 in Fighting
 45527 | Spider:5 | Killed Aizul
 46812 | Spider:5 | Got a gossamer rune of Zot
 47012 | Swamp:1  | Entered Level 1 of the Swamp
 48865 | Swamp:2  | Reached skill level 10 in Summonings
 49839 | Swamp:3  | Identified the Guide on Combat Magic (You acquired it on level 3 of the Swamp)
 50441 | Swamp:3  | Noticed Asterion
 50612 | Swamp:3  | Reached skill level 15 in Dodging
 50906 | Swamp:3  | Killed Asterion
 50906 | Swamp:3  | Gained mutation: You have a pair of large antennae on your head (SInv). [demonic ancestry]
 50906 | Swamp:3  | Reached XP level 17. HP: 74/120 MP: 3/38
 50908 | Swamp:3  | Got a faintly humming shield
 50919 | Swamp:3  | Identified the -2 shield of Free Will {rC+ Stlth+} (You took it off Asterion on level 3 of the Swamp)
 51493 | Swamp:4  | Reached skill level 15 in Spellcasting
 52156 | Swamp:5  | Entered Level 5 of the Swamp
 53065 | Swamp:5  | Got a decaying rune of Zot
 53134 | Swamp:5  | Got a jewelled glaive
 53260 | Lair:3   | Upgraded the game from 0.16-a0-1858-gba9b1e2 to 0.16-a0-1885-g0f03bb0
 53606 | Vaults:1 | Entered Level 1 of the Vaults
 53939 | Vaults:1 | Found Yceg's Gadget Emporium.
 53950 | Vaults:1 | Got a dazzling arbalest {penet}
 53956 | Vaults:1 | Identified the +7 arbalest "Hoxtip" {penet, rPois Stlth+} (You took it off a yaktaur on level 1 of the Vaults)
 53991 | Vaults:1 | Got an encrusted arbalest
 53997 | Vaults:1 | Identified the +6 arbalest of the Viper {venom, +Blink rC+} (You found it on level 1 of the Vaults)
 54058 | Vaults:1 | Learned a level 6 spell: Bolt of Cold
 55179 | Vaults:1 | Slain by a titanic slime creature

Action                   |  1- 3 |  4- 6 |  7- 9 | 10-12 | 13-15 | 16-18 || total
-------------------------+-------+-------+-------+-------+-------+-------++-------
Melee: Whip              |     7 |       |       |       |       |       ||     7
       Short sword       |    31 |       |       |       |       |       ||    31
       Dagger            |    17 |   152 |   220 |       |       |       ||   389
       Spear             |       |       |    20 |       |       |       ||    20
       War axe           |       |       |   152 |   678 |  1454 |   600 ||  2884
       Unarmed           |       |       |       |       |       |     1 ||     1
 Fire: Blowgun           |       |       |     3 |       |       |       ||     3
Throw: Throwing net      |       |       |       |     1 |       |       ||     1
 Cast: Freeze            |    42 |    78 |    53 |    10 |       |       ||   183
       Throw Frost       |     8 |    32 |    51 |    69 |    53 |    28 ||   241
       Summon Ice Beast  |       |       |    28 |   126 |   236 |    83 ||   473
       Vampiric Draining |       |       |    14 |    29 |   131 |    89 ||   263
       Control Undead    |       |       |    15 |    36 |    11 |    22 ||    84
       Simulacrum        |       |       |       |    19 |   136 |   102 ||   257
       Animate Dead      |       |       |       |       |    17 |    10 ||    27
       Summon Butterflie |       |       |       |       |     1 |       ||     1
       Blink             |       |       |       |       |     3 |     2 ||     5
       Monstrous Menager |       |       |       |       |       |    21 ||    21
       Bolt of Cold      |       |       |       |       |       |     5 ||     5
Invok: Receive Corpses   |       |       |       |     2 |       |     1 ||     3
 Abil: Breathe Fire      |       |       |       |     4 |     4 |     2 ||    10
Evoke: Wand              |       |     2 |     1 |       |     1 |     3 ||     7
  Use: Scroll            |     1 |     7 |     7 |    11 |    19 |    17 ||    62
       Potion            |       |       |     2 |     8 |     2 |    17 ||    29
 Stab: Sleeping          |     1 |     1 |     4 |    10 |     6 |     2 ||    24
       Distracted        |       |       |     2 |     7 |    12 |     9 ||    30
       Fleeing           |       |       |       |       |     1 |       ||     1
  Eat: Chunk             |     3 |    10 |    17 |    42 |    82 |    29 ||   183
       Pizza             |       |     1 |       |       |     6 |     1 ||     8
       Royal jelly       |       |       |     2 |     3 |     3 |    11 ||    19
       Meat ration       |       |       |     1 |     1 |       |       ||     2
       Bread ration      |       |       |     1 |       |       |       ||     1
       Beef jerky        |       |       |       |     1 |     4 |     4 ||     9
       Fruit             |       |       |       |       |    11 |     6 ||    17
